 Dungeon Crawl Stone Soup version 0.31-a0-963-ga325b2283a (webtiles) character file.

Game seed: 371576485955973375

329 IdlyInterested the Shield-Bearer (level 6, -12/48 HPs)
             Began as a Demonspawn Fighter on Oct 24, 2023.
             Mangled by a mummy (16 damage)
             ... in an ossuary.
             The game lasted 00:09:37 (2804 turns).

IdlyInterested the Shield-Bearer (DsFi)             Turns: 2804, Time: 00:09:37

Health: -12/48     AC:  8    Str: 18    XL:     6   Next: 25%
Magic:  6/6        EV:  9    Int:  9    God:
Gold:   157        SH:  5    Dex: 13    Spells: 5/5 levels left

rFire   . . .        x - +0 spear
rCold   . . .        b - +0 buckler
rNeg    . . .        a - +0 scale mail
rPois   .            q - +1 hat
rElec   .            (no cloak)
rCorr   .            (no gloves)
SInv    .            f - +0 pair of boots
Will    .....        (no amulet) Stlth
                     (no ring)
HPRegen 0.28/turn    (no ring)
MPRegen 0.10/turn

%: no passive effects
@: mighty, attractive
A: antennae 1, powered by death 1, powered by pain 1
a: no special abilities


You were in an ossuary.
You visited 1 branch of the dungeon, and saw 4 of its levels.
You also visited: Ossuary.

You collected 157 gold pieces.

Inventory:

Hand Weapons
 e - a +0 short sword
 h - a +0 dagger
 x - a +0 spear (weapon)
 y - a +0 whip
Missiles
 i - 6 boomerangs
 j - 17 stones (quivered)
 l - a throwing net
Armour
 a - a +0 scale mail (worn)
 b - a +0 buckler (worn)
 f - a +0 pair of boots (worn)
 q - a +1 hat (worn)
Wands
 m - a wand of polymorph (7)
Scrolls
 o - 3 scrolls of teleportation {unknown}
 s - a scroll of vulnerability
Potions
 d - a potion of ambrosia {unknown}
 g - a potion of degeneration {unknown}
 k - 2 potions of attraction
 n - a potion of curing
 v - 2 potions of brilliance {unknown}
 w - a potion of enlightenment {unknown}
 z - a potion of lignification {unknown}


   Skills:
 - Level 4.0 Fighting
 - Level 1.0 Throwing
 - Level 3.0 Armour
 + Level 1.9 Dodging
 - Level 1.0 Stealth
 * Level 4.9 Shields
 - Level 1.7 Unarmed Combat
 - Level 1.0 Evocations


You had 5 spell levels left.
You didn't know any spells.
Your spell library contained the following spells:

 Spells                   Type           Power      Damage    Failure   Level
 Freeze                   Ice            0%         1d3       85%         1
 Shock                    Conj/Air       0%         1d3       85%         1
 Blink                    Tloc           0%         N/A       94%         2
 Frozen Ramparts          Ice            0%         1d1       99%         3
 Hailstorm                Conj/Ice       0%         3d3       99%         3
 Swiftness                Air            0%         N/A       99%         3
 Airstrike                Air            0%         2d(0-16)  100%        4
 Manifold Assault         Tloc           0%         N/A       100%        4


Dungeon Overview and Level Annotations

Branches:
Dungeon (5/15)            Ossuary (1/1)
 Temple: D:4-7

Altars:
Ru
Sif Muna


Innate Abilities, Weirdness & Mutations

You have a pair of small antennae on your head.
You regenerate a little health from kills.
You sometimes gain a little power by taking damage.


Message History

The mummy is moderately damaged.
You block the quokka zombie's attack. You block the adder zombie's attack.
You puncture the mummy!
The mummy is almost destroyed.
The quokka zombie bites you but does no damage.
The adder zombie bites you but does no damage.
The mummy barely misses you. The mummy hits you but does no damage.
The quokka zombie bites you but does no damage.
You puncture the mummy!
You destroy the mummy!
The adder zombie bites you but does no damage.
The quokka zombie bites you but does no damage.
You barely miss the mummy. The adder zombie barely misses you.
The quokka zombie barely misses you.
The adder zombie bites you but does no damage.
You closely miss the mummy.
The quokka zombie bites you but does no damage.
The adder zombie bites you but does no damage.
The mummy hits you! x2
You barely miss the mummy. You block the quokka zombie's attack.
The adder zombie closely misses you.
You closely miss the mummy. The adder zombie bites you.
You block the quokka zombie's attack. The mummy hits you! The mummy misses you.
The adder zombie closely misses you. The quokka zombie bites you.
You hit the mummy.
The mummy is lightly damaged.
The mummy closely misses you.
The adder zombie bites you but does no damage.
The mummy hits you!
* * * LOW HITPOINT WARNING * * *
You block the quokka zombie's attack.
It was a potion of attraction.
You feel attractive to monsters. You block the adder zombie's attack.
The quokka zombie barely misses you.
It was a potion of curing.
You feel better. The mummy hits you!
* * * LOW HITPOINT WARNING * * *
The adder zombie bites you.
* * * LOW HITPOINT WARNING * * *
The mummy hits you!
You die...

### #
#..########.###.#
##......#@ZZ.....
#...∩.∩.MMZ......
##......#........
#..########.###.#
### ## #


You could see 2 mummies, an adder zombie and 2 quokka zombies.

Vanquished Creatures
  Sigmund (D:2)
  2 hounds
  A mummy (Ossuary)
  Robin (D:3)
  3 adders (D:2)
  A white imp (D:5)
  A worm (D:3)
  3 dart slugs
  An endoplasm (D:2)
  10 goblins
  8 hobgoblins
  4 kobolds
  4 quokkas
  5 ball pythons
  4 bats
  3 frilled lizards
  A jackal zombie (D:5)
  4 rats
  A rat zombie (Ossuary)
58 creatures vanquished.

Notes
Turn   | Place    | Note
-------+----------+-------------------------------------------
     0 | D:1      | IdlyInterested the Demonspawn Fighter began the quest for
                  | the Orb.
     0 | D:1      | Reached XP level 1. HP: 18/18 MP: 1/1
   506 | D:1      | Reached skill level 1 in Dodging
   506 | D:1      | Gained mutation: You have a pair of small antennae on your
                  | head. [demonic ancestry]
   506 | D:1      | Reached XP level 2. HP: 24/24 MP: 2/2
  1178 | D:2      | Reached skill level 1 in Throwing
  1178 | D:2      | Reached XP level 3. HP: 15/29 MP: 3/3
  1239 | D:2      | Noticed Sigmund
  1249 | D:2      | Killed Sigmund
  1250 | D:2      | Reached skill level 1 in Stealth
  1250 | D:2      | Reached skill level 1 in Evocations
  1250 | D:2      | Gained mutation: You sometimes gain a little power by
                  | taking damage. [demonic ancestry]
  1250 | D:2      | Reached XP level 4. HP: 30/37 MP: 4/4
  1250 | D:2      | Gained mutation: You regenerate a little health from kills.
                  | [demonic ancestry]
  1250 | D:2      | Reached XP level 5. HP: 35/42 MP: 5/5
  2107 | D:3      | Noticed Robin
  2161 | D:3      | Killed Robin
  2472 | D:3      | Reached XP level 6. HP: 22/48 MP: 6/6
  2588 | D:3      | You fall into a shaft and drop 2 floors!
  2588 | D:5      | Identified the "Cihogur"
  2588 | D:5      | Entered Level 5 of the Dungeon
  2592 | D:5      | Found a shimmering blue altar of Sif Muna.
  2689 | D:5      | Found a sacrificial altar of Ru.
  2773 | D:5      | Found a sand-covered staircase.
  2782 | Ossuary  | Entered an ossuary
  2804 | Ossuary  | Mangled by a mummy

Illustrated notes

Levels and vault maps discovered:
D:1:      sevenhm_arrival_forest_fort_large_2, layout_basic
D:2:      layout_basic, uniq_sigmund
D:3:      layout_rooms, lemuel_doored_altar, uniq_robin
D:5:      layout_basic, hangedman_ru_absence, tgw_sif,
          lemuel_coloured_pillars_altar, mainiacjoe_overflow_alcove_4,
          enter_ossuary_3, uniq_pikel, uniq_blork_the_orc, uniq_menkaure
Ossuary:  ossuary_minmay_chase

Skill      XL: |  1  2  3 |
---------------+----------+-----
Armour         | 3 |  3.0
Dodging        | 1 |  1.9
Shields        | 3 4 |  4.9
Throwing       | 1 |  1.0
Fighting       | 4 |  4.0
Stealth        | 1 |  1.0
Evocations     | 1 |  1.0
Unarmed Combat | |  1.7

Action                     |  1- 3 |  4- 6 || total
---------------------------+-------+-------++-------
  Melee: Unarmed           |   118 |    13 ||   131
         Spear             |       |   176 ||   176
    Use: Potion            |     1 |     3 ||     4
         Scroll            |       |     4 ||     4
 Armour: Scale mail        |    79 |   161 ||   240
  Dodge: Dodged            |    37 |    99 ||   136
  Block: Buckler           |    30 |    60 ||    90

Table legend: (Time is in decaauts)
 A = Elapsed time spent in this place.
 B = Non-inter-level travel time spent in this place.
 C = Inter-level travel time spent in this place.
 D = Time resting spent in this place.
 E = Time spent auto-exploring this place.
 F = Levels seen in this place.
 G = Mean time per level.
                   A        B        C        D        E       F      G
               +--------+--------+--------+--------+--------+-----+--------+
         Total |   2829 |   2433 |    396 |    322 |   1229 |   5 |  565.8 |
       Dungeon |   2805 |   2409 |    396 |    322 |   1229 |   4 |  701.2 |
       Ossuary |     23 |     23 |      0 |      0 |      0 |   1 |   23.0 |
               +--------+--------+--------+--------+--------+-----+--------+

Top non-repeatable levels by time:
     D:2: 1085 daAuts
     D:1: 990 daAuts
     D:3: 532 daAuts
     D:5: 197 daAuts
 Ossuary: 23 daAuts
